Map: Deathaura LE

Players

ByuN - Winner!

  • Race: Terran Terran
  • Spawn Location: 11:00

Stats

  • Race: Protoss Protoss
  • League: Grandmaster
  • Spawn Location: 5:00

Event: ASUS ROG Online 2020

VOD

Have the link to the VOD?

Description

Time

  • Played on: Nov. 27, 2020, 3:10 p.m.
  • Length: 8:54

All games in this series

Show
View Real Time Build Order
Export as new Build Order

ByuN Terran - Winner!

Build Orders:  

Get SALT Encoding   

  12  0:00  SCV  
  13  0:12  SCV  
  14  0:17  Supply Depot  
  14  0:24  SCV  
  15  0:38  SCV  
  15  0:40  Barracks  
  16  0:42  Refinery  
  16  0:50  SCV  
  17  1:02  SCV  
  18  1:14  SCV  
  19  1:27  Barracks Reactor, Orbital Command  
  19  1:40  Command Center  
  19  1:47  Supply Depot  
  19  1:52  SCV  
  20  2:03  Marine x2  
  20  2:08  Factory  
  22  2:10  SCV  
  23  2:19  Refinery  
  23  2:22  SCV, Marine  
  25  2:24  Marine  
  26  2:34  SCV  
  27  2:41  Marine  
  27  2:42  Marine  
  29  2:47  SCV  
  30  2:53  Orbital Command, Starport  
  30  3:04  Hellion x2  
  34  3:06  SCV  
  35  3:23  SCV x2  
  35  3:25  Hellion  
  35  3:26  Hellion  
  40  3:29  Starport Tech Lab  
  40  3:30  Marine  
  40  3:33  Supply Depot  
  41  3:35  SCV x2  
  43  3:47  SCV x2  
  45  3:52  Supply Depot  
  45  3:54  Factory Tech Lab, Raven  
  45  3:55  Marine  
  48  3:56  Marine  
  48  4:00  SCV x2  
  51  4:04  Barracks  
  51  4:10  Supply Depot  
  51  4:12  SCV x2  
  51  4:17  Marine x2  
  53  4:22  Siege Tank  
  58  4:24  SCV  
  58  4:25  SCV  
  58  4:29  Engineering Bay  
  60  4:32  Refinery  
  60  4:34  Marine  
  60  4:35  Marine  
  62  4:39  Supply Depot, SCV x2  
  64  4:48  Barracks  
  64  4:51  SCV x2  
  64  4:52  Marine  
  67  4:55  Terran Infantry Weapons Level 1  
  67  4:57  Supply Depot  
  67  4:59  Starport Reactor  
  67  5:03  SCV x2, Siege Tank  
  67  5:04  Refinery  
  67  5:05  Stimpack  
  72  5:10  Marauder  
  74  5:15  Supply Depot, SCV x2  
  74  5:18  Marine x2  
  78  5:23  Supply Depot  
  78  5:27  SCV x2  
  80  5:35  Supply Depot  
  80  5:36  Marine  
  80  5:37  Marine  
  80  5:43  Factory Reactor  
  80  5:44  Combat Shield, Marauder x2  
  80  5:46  Medivac  
  80  5:47  Supply Depot  
  80  5:48  Medivac  
  84  5:57  Marine  
  84  5:58  Supply Depot, Marine  
  86  6:05  Marauder  
  86  6:06  Marauder  
  87  6:22  Marine x2  
  87  6:25  Widow Mine x2  
  92  6:26  Medivac  
  92  6:27  Medivac, Marauder x2, Supply Depot  
  99  6:39  Marine  
  98  6:40  Marine  
  98  6:41  Supply Depot  
  98  6:45  Concussive Shells  
  98  6:46  Widow Mine x2  
  100  6:48  Marauder x2  
  102  6:59  Marine x2  
  104  7:01  Medivac  
  104  7:02  Medivac  
  104  7:08  Widow Mine x2  
  110  7:10  Marauder x2  
  113  7:17  Command Center  
  113  7:18  Marine  
  113  7:27  Supply Depot  
  113  7:29  Widow Mine x2  
  117  7:31  Marauder x2  
  123  7:39  SCV x2  
  123  7:41  Barracks x2  
  123  7:42  Marine x2  
  125  7:51  SCV x2  
  122  8:07  Marauder x2, Marine x2  
  122  8:09  Widow Mine  
  122  8:10  Widow Mine  
  123  8:13  Medivac x2  
  121  8:28  SCV x2  
  121  8:29  Orbital Command  
  121  8:31  Widow Mine x2  
Show
View Real Time Build Order
Export as new Build Order

Stats Protoss 

Build Orders: 1 Gate Expand, Blink Stalkers 

Get SALT Encoding   

  12  0:00  Probe  
  13  0:12  Probe  
  14  0:17  Pylon  
  14  0:24  Probe (Chrono Boost)  
  15  0:36  Probe (Chrono Boost)  
  15  0:38  Gateway  
  16  0:45  Probe (Chrono Boost)  
  16  0:47  Assimilator  
  17  0:51  Probe  
  18  1:03  Probe  
  19  1:15  Probe  
  20  1:25  Cybernetics Core  
  20  1:32  Nexus  
  20  1:35  Probe  
  21  1:42  Pylon  
  21  1:47  Assimilator  
  21  1:51  Probe  
  22  2:00  Adept (Chrono Boost)  
  22  2:02  Shield Battery  
  22  2:07  Warp Gate  
  24  2:10  Probe  
  25  2:20  Adept (Chrono Boost)  
  25  2:22  Probe  
  26  2:29  Twilight Council  
  28  2:34  Probe (Chrono Boost)  
  29  2:45  Stalker, Probe (Chrono Boost)  
  33  2:52  Probe (Chrono Boost)  
  33  2:54  Probe (Chrono Boost)  
  34  2:59  Probe x2 (Chrono Boost)  
  34  3:02  Robotics Facility  
  36  3:10  Probe  
  36  3:11  Probe  
  38  3:15  Blink (Chrono Boost)  
  38  3:23  Probe (Chrono Boost)  
  40  3:28  Probe (Chrono Boost)  
  40  3:31  Gateway  
  40  3:32  Probe (Chrono Boost)  
  41  3:36  Probe (Chrono Boost)  
  42  3:43  Gateway  
  42  3:44  Gateway  
  42  3:45  Probe  
  44  3:51  Observer  
  44  3:53  Pylon  
  44  3:55  Shield Battery  
  44  3:56  Stalker  
  44  4:00  Assimilator  
  46  4:04  Pylon  
  46  4:11  Probe x2  
  46  4:12  Warp Prism  
  50  4:25  Probe x2  
  50  4:26  Stalker  
  54  4:33  Pylon  
  54  4:35  Pylon  
  54  4:52  Stalker x4  
  62  4:58  Probe  
  62  4:59  Probe  
  64  5:00  Pylon  
  64  5:04  Assimilator  
  63  5:15  Pylon, Nexus  
  63  5:16  Probe x2  
  65  5:24  Robotics Bay  
  65  5:28  Stalker x2  
  65  5:29  Stalker  
  65  5:32  Stalker  
  65  5:34  Probe  
  74  5:36  Probe  
  75  5:51  Probe x2  
  75  5:55  Stalker x3  
  83  5:57  Stalker  
  83  6:02  Observer  
  86  6:04  Pylon  
  86  6:06  Forge  
  86  6:13  Colossus (Chrono Boost)  
  86  6:19  Probe x2 (Chrono Boost)  
  92  6:27  Extended Thermal Lance  
  92  6:29  Probe (Chrono Boost)  
  92  6:31  Probe x2 (Chrono Boost)  
  95  6:36  Protoss Ground Weapons Level 1  
  95  6:37  Probe (Chrono Boost)  
  95  6:38  Probe x2 (Chrono Boost)  
  96  6:40  Shield Battery  
  96  6:43  Probe  
  96  6:45  Probe x2  
  96  6:46  Charge  
  97  6:47  Pylon  
  97  6:49  Pylon  
  97  6:58  Probe x2  
  97  7:00  Colossus (Chrono Boost)  
  97  7:03  Probe  
  97  7:07  Gateway  
  104  7:09  Forge  
  104  7:10  Gateway  
  104  7:16  Pylon  
  104  7:19  Probe x3  
  104  7:20  Assimilator  
  104  7:21  Assimilator  
  104  7:22  Pylon  
  105  7:25  Sentry x2  
  105  7:26  Sentry  
  109  7:30  Stalker  
  114  7:38  Gateway, Probe  
  112  7:48  Gateway  
  112  7:51  Colossus (Chrono Boost)  
  118  8:01  Zealot x3  
  89  8:13  Zealot x2  
  74  8:22  Probe  
  74  8:23  Probe  
  74  8:25  Zealot x3  
  80  8:36  Zealot x3, Nexus  
Tags
 
Add a new tag
Caveats
  • Supply blocks, unpowered buildings, or Contaminate may cause inaccurate times.
  • Supply counts are checked every 10 seconds.